 Dungeon Crawl Stone Soup version 0.19.0 (webtiles) character file.

3738 PhynixH2O the Infuser (level 9, -2/62 HPs)
             Began as a High Elf Skald on Nov 1, 2016.
             Was a Priest of the Shining One.
             Slain by Schimscham's ghost (6 damage)
             ... on level 9 of the Dungeon.
             The game lasted 00:53:37 (9020 turns).

PhynixH2O the Infuser (High Elf Skald)              Turns: 9020, Time: 00:53:39

Health: -2/62      AC: 13    Str: 11    XL:     9   Next: 93%
Magic:  20/20      EV: 15    Int: 20    God:    the Shining One [***...]
Gold:   120        SH:  0    Dex: 15    Spells: 4 memorised, 13 levels left

rFire  . . .     SeeInvis .     G - +0 rapier (protect)
rCold  . . .     Gourm    .     M - +2 leather armour {rPois}
rNeg   + . .     Faith    .     (no shield)
rPois  +         Spirit   .     m - +2 hat
rElec  .         Reflect  .     b - +2 cloak
rCorr  .         Harm     .     S - +1 pair of gloves
MR     .....                    f - +0 pair of boots
Stlth  +.........               p - amulet of magic regeneration
                                (no ring)
                                (no ring)

@: flying, glowing
A: no striking features
a: Divine Shield, Renounce Religion


You were on level 9 of the Dungeon.
You worshipped the Shining One.
The Shining One was most pleased with you.
You were not hungry.

You visited 2 branches of the dungeon, and saw 10 of its levels.
You also visited: Sewer and Ossuary.

You collected 378 gold pieces.
You spent 258 gold pieces at shops.

Inventory:

Hand Weapons
 a - a +1 falchion
 e - a +1 shortbow of freezing
 G - a +0 rapier of protection (weapon)
Missiles
 j - 58 arrows
Armour
 b - a +2 cloak (worn)
 f - a +0 pair of boots (worn)
 l - a +2 chain mail of fire resistance
 m - a +2 hat (worn)
 J - a +1 cloak of invisibility
 L - a +4 ring mail of fire resistance
 M - a +2 leather armour of poison resistance (worn)
 S - a +1 pair of gloves (worn)
Jewellery
 p - an amulet of magic regeneration (around neck)
 H - a +4 ring of dexterity {unknown}
 I - an uncursed amulet of regeneration {unknown}
 K - a cursed amulet of inaccuracy {unknown}
Wands
 r - a wand of flame (44/48)
 y - a wand of paralysis (0/24)
Scrolls
 g - 4 scrolls of remove curse
 h - 2 scrolls of magic mapping
 k - a scroll of fear
 n - 8 scrolls of recharging
 C - 3 scrolls of enchant weapon
 D - 4 scrolls of identify
 O - a scroll of enchant armour
 Q - a scroll of vulnerability {unknown}
 V - 2 scrolls of random uselessness {unknown}
 X - 3 scrolls of amnesia
Potions
 i - 6 potions of haste
 q - 4 potions of curing {unknown}
 s - 2 potions of magic {unknown}
 t - 12 potions of degeneration {unknown}
 w - 2 potions of flight
 E - 3 potions of brilliance {unknown}
 P - 2 potions of mutation {unknown}
 T - a potion of might {unknown}
 W - a potion of berserk rage {unknown}
Books
 c - a book of Battle

   Spells                             Type                      Level
   a - Infusion                       Charms                       1
   b - Shroud of Golubria             Charms/Translocation         2
   c - Song of Slaying                Charms                       2
   d - Spectral Weapon                Hexes/Charms                 3
   e - Regeneration                   Charms/Necromancy            3
Comestibles
 d - 6 bread rations
 u - 2 slices of pizza
 x - 11 royal jellies
 z - 6 fruits
 A - 4 meat rations
 F - a beef jerky
 U - a chunk of flesh


   Skills:
 + Level 5.9 Fighting
 + Level 7.7(8.5) Short Blades
 - Level 5.6(7.5) Long Blades
 - Level 0.8 Armour
 + Level 6.5 Dodging
 + Level 7.2 Spellcasting
 + Level 8.1 Charms


You had 13 spell levels left.
You knew the following spells:

 Your Spells              Type           Power        Failure   Level  Hunger
a - Infusion              Chrm           ####         1%          1    None
b - Regeneration          Chrm/Necr      ###.......   10%         3    #......
c - Shroud of Golubria    Chrm/Tloc      ###.......   4%          2    None
d - Spectral Weapon       Hex/Chrm       ###.....     10%         3    #......


Dungeon Overview and Level Annotations

Branches:
Dungeon (9/15)             Temple (1/1) D:6
   Lair: D:8-11         Orc: D:9-12

Altars:
Dithmenos
Elyvilon
Fedhas
Gozag
Hepliaklqana
Kikubaaqudgha
Makhleb
Okawaru
Sif Muna
Trog
Vehumet
Xom
Yredelemnul
Zin
The Shining One

Shops:
D:5 [   D:8 =

Annotations:
D:9 Schimscham's ghost, novice FoFi


Message History

You fly up into the air.
You are no longer magically infusing your attacks.
The orc shouts!
Schimscham's ghost hits you.
* * * LOW HITPOINT WARNING * * *
Schimscham's ghost burns you.
* * * LOW HITPOINT WARNING * * *
The orc warrior barely misses you. The hippogriff bites you.
* * * LOW HITPOINT WARNING * * *
The hippogriff barely misses you. The hippogriff completely misses you.
An orc comes into view. It is wielding a hand axe.
Okay, then.
As you read the scroll labeled YNEBRO GEHIFEKK, it crumbles to dust.
Wisps of shadow whirl around you...
It was a scroll of summoning.
The orc shouts!
The orc barely misses your howler monkey.
The orc moves out of view.
Schimscham's ghost whispers, "The ORB doesn't exist."
Schimscham's ghost hits you.
You die...

*,,<,,*,,,**,*,,,,,,,,*
*****,*,***,,#.(,,,,,,*
*,,,,,*,,,*,*#..,,,,,,*
*,*******,,,**.o,,,,,,*
*,,,,,,,,,****o.,,,,,,*
***,******* *#o*******
*,,* #h* **+*******
#W### ,,,,,,,,,* #h@O#
,,,,,,,,,* ###H####
,,,,,,,,,* #)oo..#
,,,,,,,,,* #.o..o#
,,,,,,,,,******#...<.#
,,,,,,,,,+,,,,,+..oo.#
,,,,,,,,,******#.....#
**+******* #.....#
*,,,*** ###.###*


You could see a hippogriff, 2 orc warriors, Schimscham's ghost, 2 orcs, a
friendly orc warrior, a friendly ogre, 2 friendly howler monkeys, a friendly orc
wizard and 3 friendly orcs.

Vanquished Creatures
  The ghost of Jorund the Digger, a novice OpEE of the Shining One (D:5)
  Prince Ribbit (D:5)
  Sigmund (D:4)
  Eustachio (D:4)
  Edmund (D:6)
  2 water moccasins
  3 sky beasts
  A phantom (D:4)
  A black bear (D:6)
  An ogre (D:8)
  A centaur (D:8)
  Blork the orc (D:5)
  5 bullfrogs
  A scorpion (D:8)
  5 crimson imps
  3 centaur zombies
  Crazy Yiuf (D:4)
  5 hounds
  5 jellies
  2 orc priests
  A centaur skeleton (D:4)
  A bullfrog skeleton (D:8)
  7 orc wizards
  Ijyb (D:3)
  7 worker ants
  A big kobold zombie (Ossuary)
  A hound skeleton (D:3)
  4 mummies (Ossuary)
  A howler monkey zombie (D:6)
  13 adders
  A howler monkey skeleton (D:4)
  A river rat (D:5)
  6 oozes
  3 adder skeletons
  A worm (D:4)
  3 dart slugs
  13 leopard geckos
  20 orcs
  5 ball pythons
  6 bats
  15 giant cockroaches
  4 goblins
  11 hobgoblins
  8 jackals
  5 quokkas
  12 frilled lizards
  A gnoll zombie (Ossuary)
  A goblin zombie (Ossuary)
  A hobgoblin zombie (Ossuary)
  11 kobolds
  A kobold zombie (Ossuary)
  A leopard gecko skeleton (D:4)
  2 orc zombies (Ossuary)
  12 rats
223 creatures vanquished.

Vanquished Creatures (others)
  An iguana (D:4)
  An orc wizard (D:4)
  A worker ant (D:4)
  An adder (D:4)
  An orc (D:4)
  A jackal skeleton (D:4)
6 creatures vanquished.

Grand Total: 229 creatures vanquished

Notes
Turn   | Place    | Note
-------+----------+-------------------------------------------
     0 | D:1      | PhynixH2O the High Elf Skald began the quest for the Orb.
     0 | D:1      | Reached XP level 1. HP: 14/14 MP: 4/4
    86 | D:1      | Reached XP level 2. HP: 12/19 MP: 2/6
   567 | D:1      | Reached XP level 3. HP: 24/24 MP: 8/8
   907 | D:1      | Learned a level 3 spell: Regeneration
   920 | D:2      | You fall through a shaft!
  1082 | D:2      | Reached XP level 4. HP: 28/29 MP: 3/9
  1120 | D:2      | Found a glowing golden altar of the Shining One.
  1138 | D:2      | Reached skill level 4 in Charms
  1166 | D:2      | Became a worshipper of the Shining One
  1811 | D:2      | Found a deep blue altar of Sif Muna.
  2020 | D:3      | Reached XP level 5. HP: 30/34 MP: 11/11
  2095 | D:3      | Gained mutation: Your flesh is heat resistant. (rF+) [potion of beneficial mutation]
  2136 | D:3      | Learned a level 2 spell: Shroud of Golubria
  2679 | D:3      | Noticed Ijyb
  2716 | D:3      | Killed Ijyb
  2716 | D:3      | Reached skill level 5 in Long Blades
  3440 | D:4      | Found a runed door.
  3464 | D:4      | Reached XP level 6. HP: 41/41 MP: 8/12
  3475 | D:4      | Noticed Sigmund
  3488 | D:4      | Killed Sigmund
  3488 | D:4      | Reached skill level 5 in Charms
  3547 | D:4      | Noticed Crazy Yiuf
  3808 | D:4      | Noticed Eustachio
  3808 | D:4      | Reached * piety under the Shining One
  3850 | D:4      | Killed Eustachio
  3850 | D:4      | Reached XP level 7. HP: 26/46 MP: 3/14
  4243 | D:4      | Reached skill level 1 in Short Blades
  4338 | D:4      | Reached skill level 5 in Spellcasting
  4550 | D:4      | Found a shimmering altar of Xom.
  4629 | D:4      | Killed Crazy Yiuf
  4947 | D:4      | Reached XP level 8. HP: 27/53 MP: 7/16
  5091 | D:5      | Entered Level 5 of the Dungeon
  5114 | D:5      | Reached skill level 6 in Charms
  5235 | D:5      | Noticed Prince Ribbit
  5252 | D:5      | Killed Prince Ribbit
  5262 | D:5      | Noticed Blork the orc
  5271 | D:5      | Killed Blork the orc
  5283 | D:5      | Paralysed by a crimson imp for 2 turns
  5288 | D:5      | Paralysed by a crimson imp for 3 turns
  5297 | D:5      | Paralysed by a crimson imp for 6 turns
  5353 | D:5      | Reached ** piety under the Shining One
  5381 | D:5      | Noticed Jorund's ghost (novice OpEE)
  5403 | D:5      | Killed Jorund's ghost
  5403 | D:5      | Reached skill level 5 in Short Blades
  5403 | D:5      | Reached skill level 5 in Dodging
  5433 | D:5      | Found a glowing drain.
  5439 | Sewer    | Entered a sewer
  5453 | Sewer    | Learned a level 3 spell: Spectral Weapon
  5745 | Sewer    | Reached XP level 9. HP: 46/60 MP: 14/18
  6134 | D:5      | Found Xobo's Armour Emporium.
  6142 | D:5      | Bought a +2 chain mail of fire resistance for 258 gold pieces
  6318 | D:5      | Reached skill level 7 in Charms
  6628 | D:6      | Found a staircase to the Ecumenical Temple.
  6629 | D:6      | Noticed Edmund
  6644 | D:6      | Killed Edmund
  6644 | D:6      | Reached skill level 5 in Fighting
  6655 | Temple   | Entered the Ecumenical Temple
  7007 | D:6      | Found a bloodstained altar of Trog.
  7191 | D:6      | Found a basalt altar of Yredelemnul.
  7191 | D:6      | Found a shadowy altar of Dithmenos.
  7453 | D:7      | Found a hazy altar of Hepliaklqana.
  8098 | D:8      | Found a sand-covered staircase.
  8104 | Ossuary  | Entered an ossuary
  8179 | Ossuary  | Reached *** piety under the Shining One
  8419 | D:8      | Found a blossoming altar of Fedhas.
  8497 | D:8      | Found Horuemeo's Jewellery Emporium.
  8552 | D:8      | Reached skill level 8 in Charms
  8584 | D:8      | Found an iron altar of Okawaru.
  8984 | D:8      | Lost mutation: Your flesh is heat resistant. (rF+) [potion of cure mutation]
  9016 | D:9      | Noticed Schimscham's ghost (novice FoFi)
  9020 | D:9      | Slain by Schimscham's ghost

Skill      XL: |  1  2  3  4  5  6  7  8  9 |
---------------+----------------------------+-----
Long Blades    | 3 4 5 |  5.6
Dodging        | 2 3 4 5 6 |  6.5
Spellcasting   | 3 4 5 7 |  7.2
Charms         | 4 5 6 8 |  8.1
Fighting       | 3 4 5 |  5.9
Short Blades   | 3 5 7 |  7.7
Armour         | |  0.8

Action                   |  1- 3 |  4- 6 |  7- 9 || total
-------------------------+-------+-------+-------++-------
Melee: Falchion          |    85 |   200 |       ||   285
       Rapier            |       |       |   486 ||   486
 Cast: Infusion          |    13 |    15 |    40 ||    68
       Shroud of Golubri |       |     8 |    17 ||    25
       Spectral Weapon   |       |       |     9 ||     9
Evoke: Wand              |       |       |     1 ||     1
  Use: Scroll            |       |     9 |     8 ||    17
       Potion            |       |     1 |     4 ||     5
 Stab: Sleeping          |     1 |       |       ||     1
  Eat: Chunk             |     1 |     9 |    18 ||    28
Armor: Leather armour    |    27 |    69 |   182 ||   278
Dodge: Dodged            |    56 |   136 |   330 ||   522
       Rpst.: Falchion   |    18 |    40 |       ||    58
